 Dungeon Crawl Stone Soup version 0.20-a0-640-g62ed22f (webtiles) character file.

20283 Chiseanne the Unseen (level 12, -7/53 HPs)
             Began as a Spriggan Wanderer on Feb 12, 2017.
             Was an Initiate of Gozag.
             Mangled by a catoblepas (20 damage)
             ... on level 4 of the Lair of Beasts.
             The game lasted 00:51:55 (14471 turns).

Chiseanne the Unseen (Spriggan Wanderer)           Turns: 14471, Time: 00:51:55

Health: -7/53      AC:  6    Str:  8    XL:     12   Next: 44%
Magic:  0/15       EV: 34    Int: 16    God:    Gozag
Gold:   810        SH:  0    Dex: 21    Spells: 11/11 levels left

rFire    . . .     SeeInvis +   s - +3 double sword (drain)
rCold    . . .     Gourm    .   l - +1 robe
rNeg     + . .     Faith    .   (shield currently unavailable)
rPois    .         Spirit   +   B - +2 hat {MR+}
rElec    .         Reflect  .   y - +0 cloak
rCorr    .         Harm     .   (gloves unavailable)
MR       +++..                  (boots unavailable)
Stlth    +++++++...             g - amulet of guardian spirit
Regen    0.2/turn               A - +3 ring of intelligence
MPRegen  0.2/turn               u - ring of positive energy

@: gold aura, very quick
A: unfitting armour, see invisible, herbivore 3, speed 3, slow metabolism 2
a: Potion Petition, Call Merchant, Bribe Branch, Renounce Religion


You were on level 4 of the Lair of Beasts.
You worshipped Gozag.
Gozag was pleased with you.
You were not hungry.

You visited 3 branches of the dungeon, and saw 15 of its levels.

You collected 1607 gold pieces.
You paid 797 gold pieces to Gozag.

Inventory:

Hand Weapons
 a - a +4 dagger of electrocution
 d - a +1 dagger of venom
 s - a +3 double sword of draining (weapon)
 w - a +2 hunting sling of velocity
 R - the +1 hunting sling of Buweing {speed, +Blink SInv}
   (You found it on level 3 of the Lair of Beasts)

   Attacks with this weapon are significantly faster.
   It lets you see invisible.
   It lets you blink.
Missiles
 e - 393 stones (quivered)
 h - 103 bolts
 i - 190 arrows
 k - 91 sling bullets
 J - 2 tomahawks of returning
 N - 5 tomahawks
 T - 3 curare-tipped needles
Armour
 l - a +1 robe (worn)
 y - a +0 cloak (worn)
 B - a +2 hat of magic resistance (worn)
Jewellery
 g - an amulet of guardian spirit (around neck)
 j - the ring "Xurateosch" {Fire rPois}
   (You found it on level 8 of the Dungeon)

   [ring of fire]

   It enhances your fire magic.
   It protects you from fire.
   It makes you vulnerable to cold.
   It protects you from poison.
 u - a ring of positive energy (left hand)
 A - a +3 ring of intelligence (right hand)
 G - a cursed amulet of inaccuracy {unknown}
 P - a +5 ring of strength {unknown}
Wands
 z - a wand of lightning (9/15)
 E - a wand of confusion (14/48)
 F - a wand of disintegration (17/24)
 S - a wand of random effects (9/48)
Scrolls
 c - 5 scrolls of teleportation
 o - a scroll of enchant armour
 q - 3 scrolls of magic mapping
 v - 2 scrolls of remove curse
 x - a scroll of fog
 K - 2 scrolls of recharging
Potions
 b - 9 potions of curing
 m - 3 potions of heal wounds
 n - 2 potions of brilliance
 p - a potion of magic
 r - 2 potions of resistance
 t - 2 potions of flight
 H - a potion of berserk rage {unknown}
 I - 3 potions of might
 M - 2 potions of haste {unknown}
 Q - a potion of agility {unknown}
Books
 D - a book of Air

   Spells                             Type                      Level
   a - Shock                          Conjuration/Air              1
   b - Swiftness                      Charms/Air                   2
   c - Static Discharge               Conjuration/Air              3
   d - Airstrike                      Air                          4
   e - Lightning Bolt                 Conjuration/Air              5
Miscellaneous
 L - a lightning rod (4/4)
Comestibles
 f - 7 bread rations
 C - 4 fruits
 O - a royal jelly


   Skills:
 - Level 1.0 Fighting
 - Level 10.2(10.4) Short Blades
 * Level 2.7(5.7) Long Blades
 * Level 9.3 Slings
 - Level 0.4(4.8) Throwing
 * Level 16.1 Dodging
 * Level 17.3 Stealth
 - Level 2.6 Evocations


You had 11 spell levels left.
You didn't know any spells.

Dungeon Overview and Level Annotations

Branches:
Dungeon (10/15)            Temple (1/1) D:7            Lair (4/6) D:8
 Shoals (0/4) Lair:4       Spider (0/4) Lair:2
    Orc: D:9-12

Altars:
Ashenzari
Cheibriados
Dithmenos
Elyvilon
Fedhas
Gozag
Hepliaklqana
Kikubaaqudgha
Makhleb
Nemelex Xobeh
Okawaru
Qazlal
Ru
Sif Muna
Trog
Uskayaw
Vehumet
Xom
Yredelemnul
The Shining One

Shops:
Lair:1 (

Annotations:
D:5 Voxish's ghost, amateur MfGl
D:8 exclusion: 3 doors


Innate Abilities, Weirdness & Mutations

You are very small and have problems with some larger weapons.
You are too small for most types of armour.
You have supernaturally acute eyesight. (SInv)
You are a herbivore.
You cover ground extremely quickly.
You need consume almost no food.


Message History

You see here 5 gold pieces.
You now have 810 gold pieces (gained 5).
The catoblepas closely misses you.
You hit the catoblepas.
The catoblepas is lightly wounded.
The catoblepas closely misses you.
You riposte.
You hit the catoblepas.
The catoblepas is lightly wounded.
You slash the catoblepas!
The catoblepas is lightly wounded.
The catoblepas gores you!!
You hit the catoblepas. You drain the catoblepas!
The catoblepas is moderately wounded.
The catoblepas gores you!
You slash the catoblepas! You drain the catoblepas!
The catoblepas is heavily wounded.
The catoblepas gores you!
* * * LOW HITPOINT WARNING * * *
The catoblepas gores you!!
You die...
Your body crumbles into a pile of gold.

### P..............# ...
#.##............ #. .[.
#......##.#.. ......
...?#P...## # . ..##.##
### ##...## ...#.P #####
#....#
#..#.####.#.###...P##.#.
#.#.#.......##..........
................@P......
..P.#..P#...##..PY.P...P
........###...>..P......
........# ###P.P###....P
$ ..#...P.# ##.## .#.###
##.#...... .... ..#
#######.#. .#### # ## ##


You could see a catoblepas.

Vanquished Creatures
  Gastronok (D:8)
  Nessos (Lair:4)
  A hydra (Lair:3)
  Urug (Lair:3)
  A manticore (Lair:4)
  Maurice (D:8)
  Psyche (D:8)
  4 spiny frogs
  2 komodo dragons
  2 rime drakes
  Prince Ribbit (D:8)
  A hornet (Lair:4)
  10 blink frogs
  6 hippogriffs
  A wyvern (D:6)
  2 redbacks (Lair:2)
  Sigmund (D:3)
  A spriggan (D:7)
  12 yaks
  4 basilisks
  4 vampire mosquitoes (Lair:3)
  Menkaure (D:6)
  9 water moccasins
  4 porcupines
  2 orc warriors (D:8)
  A swamp drake (Lair:3)
  Duvessa (D:6)
  2 ice beasts
  3 sky beasts (D:5)
  2 black bears
  2 phantoms
  2 ogres
  7 wolves
  A centaur (D:3)
  4 crocodiles
  Blork the orc (D:4)
  5 bullfrogs
  Dowan (D:6)
  4 scorpions
  16 killer bees
  An electric eel (D:8)
  5 crimson imps
  A bullfrog zombie (D:5)
  3 quasits
  4 hounds
  A gnoll shaman (D:7)
  4 orc priests
  8 orc wizards
  3 bullfrog skeletons
  Ijyb (D:2)
  Natasha (thrice) (D:4)
  5 worker ants
  A hound skeleton (D:4)
  A howler monkey zombie (D:7)
  Robin (D:4)
  8 adders
  8 gnolls
  2 shadow imps (D:7)
  An ooze (D:2)
  2 adder zombies
  2 adder skeletons (D:5)
  3 worms
  3 dart slugs
  4 leopard geckos
  35 orcs
  A ball python (D:1)
  5 bats
  6 giant cockroaches
  18 goblins
  9 hobgoblins
  11 jackals
  5 quokkas
  4 frilled lizards
  9 kobolds
  4 rats
  A fungus (D:8)
309 creatures vanquished.

Vanquished Creatures (others)
  11 fungi
  A plant (Lair:2)
12 creatures vanquished.

Grand Total: 321 creatures vanquished

Notes
Turn   | Place    | Note
-------+----------+-------------------------------------------
     0 | D:1      | Chiseanne the Spriggan Wanderer began the quest for the Orb.
     0 | D:1      | Chiseanne set off with: a +2 short sword, a potion of curing, a scroll of teleportation, a +0 robe, a +0 dagger, a bread ration
     0 | D:1      | Reached XP level 1. HP: 10/10 MP: 3/3
   163 | D:1      | Reached XP level 2. HP: 14/14 MP: 5/5
   443 | D:1      | Reached skill level 4 in Stealth
   963 | D:2      | Reached XP level 3. HP: 13/18 MP: 6/6
  1266 | D:2      | Noticed Ijyb
  1272 | D:2      | Killed Ijyb
  1272 | D:2      | Reached XP level 4. HP: 21/22 MP: 7/7
  1299 | D:2      | Reached skill level 5 in Stealth
  1381 | D:3      | Noticed Sigmund
  1392 | D:3      | Killed Sigmund
  1392 | D:3      | Reached skill level 5 in Dodging
  1392 | D:3      | Reached skill level 6 in Stealth
  1392 | D:3      | Reached XP level 5. HP: 25/25 MP: 8/8
  1412 | D:3      | Noticed a centaur
  1426 | D:3      | Killed a centaur
  1426 | D:3      | Reached XP level 6. HP: 20/30 MP: 9/9
  2656 | D:4      | Noticed Robin
  2657 | D:4      | Noticed Natasha
  2671 | D:4      | Reached skill level 5 in Short Blades
  2693 | D:4      | Killed Robin
  2693 | D:4      | Reached skill level 7 in Stealth
  2702 | D:5      | Entered Level 5 of the Dungeon
  3212 | D:4      | Reached XP level 7. HP: 24/33 MP: 10/10
  3302 | D:4      | Killed Natasha
  3572 | D:4      | Noticed Natasha
  3627 | D:4      | Killed Natasha
  3650 | D:4      | Noticed Natasha
  3663 | D:4      | Killed Natasha
  3952 | D:4      | Reached skill level 8 in Stealth
  4110 | D:4      | Noticed Blork the orc
  4113 | D:4      | Killed Blork the orc
  4194 | D:4      | Found a burning altar of Makhleb.
  4194 | D:4      | Found a radiant altar of Vehumet.
  4231 | D:4      | Found a bloodstained altar of Trog.
  4231 | D:4      | Found a sacrificial altar of Ru.
  4389 | D:5      | Reached XP level 8. HP: 25/37 MP: 11/11
  4563 | D:5      | Reached skill level 9 in Stealth
  4586 | D:5      | Noticed Voxish's ghost (amateur MfGl)
  4587 | D:5      | Found a glowing golden altar of the Shining One.
  5253 | D:5      | Reached skill level 10 in Stealth
  5572 | D:6      | Noticed Menkaure
  5585 | D:6      | Killed Menkaure
  5599 | D:6      | Reached skill level 10 in Dodging
  5599 | D:6      | Reached XP level 9. HP: 39/41 MP: 12/12
  5636 | D:6      | Reached skill level 11 in Stealth
  5773 | D:6      | Found a white marble altar of Elyvilon.
  5778 | D:6      | Noticed Dowan
  5789 | D:6      | Noticed Duvessa
  5835 | D:6      | Killed Duvessa
  5860 | D:6      | Killed Dowan
  6935 | D:7      | Found a shattered altar of Ashenzari.
  6975 | D:7      | Found a staircase to the Ecumenical Temple.
  7011 | D:7      | Reached skill level 12 in Stealth
  7034 | Temple   | Entered the Ecumenical Temple
  7217 | Temple   | Became a worshipper of Gozag Ym Sagoz the Greedy
  8419 | D:8      | Found a staircase to the Lair.
  8428 | D:8      | Noticed Prince Ribbit
  8452 | D:8      | Killed Prince Ribbit
  8452 | D:8      | Reached XP level 10. HP: 36/45 MP: 9/13
  8521 | D:8      | Found a stormy altar of Qazlal.
  8563 | D:8      | Noticed Gastronok
  8571 | D:8      | Killed Gastronok
  8571 | D:8      | Reached skill level 10 in Short Blades
  8571 | D:8      | Reached skill level 13 in Stealth
  8591 | D:8      | Noticed Psyche
  8601 | D:8      | Killed Psyche
  8601 | D:8      | Reached skill level 1 in Slings
  8601 | D:8      | Reached skill level 14 in Stealth
  8775 | D:8      | Noticed a death yak
  8836 | D:8      | Got a crude bronze ring
  8859 | D:8      | Noticed Maurice
  8861 | D:8      | You fall through a shaft for 2 floors!
  8861 | D:10     | Entered Level 10 of the Dungeon
  9184 | D:10     | Noticed an unseen horror
  9212 | D:9      | Identified the ring "Xurateosch" {Fire rPois} (You found it on level 8 of the Dungeon)
  9745 | D:8      | Killed Maurice
  9745 | D:8      | Reached XP level 11. HP: 47/49 MP: 14/14
  9950 | Lair:1   | Entered Level 1 of the Lair of Beasts
 10271 | Lair:1   | Reached skill level 5 in Slings
 10327 | Lair:1   | Reached skill level 15 in Stealth
 10446 | Lair:1   | Noticed a seven-headed hydra
 11759 | Lair:2   | Noticed an eight-headed hydra
 12004 | Lair:2   | Reached skill level 16 in Stealth
 12070 | Lair:2   | Found a hole to the Spider Nest.
 12563 | Lair:3   | Got a bone hunting sling
 12564 | Lair:3   | Identified the cursed +1 hunting sling of Buweing {speed, +Blink SInv} (You found it on level 3 of the Lair of Beasts)
 12672 | Lair:3   | Reached skill level 15 in Dodging
 12731 | Lair:3   | HP: 2/49 [something (1)]
 13213 | Lair:3   | Noticed an eight-headed hydra
 13269 | Lair:3   | Killed an eight-headed hydra
 13433 | Lair:3   | Reached XP level 12. HP: 53/53 MP: 15/15
 13437 | Lair:3   | Noticed Urug
 13479 | Lair:3   | Killed Urug
 13655 | Lair:4   | Noticed a death yak
 13655 | Lair:4   | Noticed a death yak
 13655 | Lair:4   | Noticed a death yak
 13658 | Lair:4   | Noticed a death yak
 13658 | Lair:4   | Noticed a death yak
 13660 | Lair:4   | Noticed a death yak
 13864 | Lair:4   | Reached skill level 17 in Stealth
 14029 | Lair:4   | Noticed Nessos
 14034 | Lair:4   | Killed Nessos
 14054 | Lair:4   | Noticed a five-headed hydra
 14142 | Lair:4   | Found a staircase to the Shoals.
 14325 | Lair:4   | Noticed a catoblepas
 14471 | Lair:4   | Mangled by a catoblepas

Vault maps used:
D:1:      sevenhm_arrival_forest_fort_large_2
D:2:      uniq_iyjb
D:3:      uniq_sigmund
D:4:      grunt_temple_overflow_lords_of_destruction,
          gammafunk_temple_overflow_elements, uniq_robin, uniq_blork_the_orc,
          uniq_natasha
D:5:      overflow_temple_1_default, first_bread
D:6:      elyvilon_altar_5, uniq_duvessa, uniq_menkaure
D:7:      overflow_temple_1_default, temple_fountains, the_bakery,
          kennysheep_generic_room_9
D:8:      argonaut_augean_stables, grunt_qazlal_sundering,
          grunt_lair_entry_orc_guard_hut, uniq_gastronok, uniq_maurice,
          uniq_prince_ribbit1, uniq_psyche
D:9:      zin_treasury, serial_shops, nicolae_shop_trees
D:10:     statue_in_the_mist_lemuel, uniq_grum
Temple:   minmay_temple_bridge_abc
Lair:1:   serial_bayou_crossing
Lair:2:   spider_nest_entry_webs, infiniplex_staircase_pool_2,
          grunt_megastairs_1
Lair:3:   pond, uniq_urug
Lair:4:   minmay_shoals_entry_beasts, kennysheep_basilisk_garden,
          lemuel_fruit_fields, uniq_nessos

Skill      XL: |  1  2  3  4  5  6  7  8  9 10 11 12 |
---------------+-------------------------------------+-----
Stealth        | 4 6 7 8 10 12 14 16 17 | 17.3
Short Blades   | 3 4 5 6 7 9 10 | 10.2
Dodging        | 4 5 6 8 10 11 13 15 16 | 16.1
Slings         | 4 8 9 |  9.3
Long Blades    | 2 |  2.7
Fighting       | |  1.0
Throwing       | |  0.4
Evocations     | |  2.6

Action                   |  1- 3 |  4- 6 |  7- 9 | 10-12 || total
-------------------------+-------+-------+-------+-------++-------
Melee: Short sword       |   102 |    35 |       |       ||   137
       Dagger            |       |    95 |   513 |   547 ||  1155
       Double sword      |       |       |       |    48 ||    48
 Fire: Hunting sling     |       |       |    21 |    45 ||    66
Invok: Call Merchant     |       |       |       |     1 ||     1
Evoke: Wand              |       |       |       |     6 ||     6
  Use: Scroll            |     5 |     6 |     5 |     7 ||    23
       Potion            |       |       |     1 |     2 ||     3
 Stab: Sleeping          |     8 |    12 |    27 |    28 ||    75
       Distracted        |       |       |     4 |     6 ||    10
       Confused          |       |       |       |     2 ||     2
  Eat: Bread ration      |       |       |     1 |       ||     1
       Royal jelly       |       |       |     2 |     1 ||     3
       Fruit             |       |       |       |     3 ||     3
Armor: Robe              |     9 |     9 |    21 |     7 ||    46
       Skin              |       |       |    22 |       ||    22
Dodge: Dodged            |    79 |    91 |   287 |   407 ||   864
       Rpst.: Double sword |       |       |       |    21 ||    21
